 Dungeon Crawl Stone Soup version 0.30.0-5-g1a98f26d00 (webtiles) character file.

Game seed: 12352473165703896170

357032 MacCMillion the Slayer (level 21, -1/209 HPs)
             Began as a Minotaur Fighter on May 9, 2023.
             Was the Champion of Makhleb.
             Slain by a stone giant (24 damage)
             ... on level 3 of the Depths.
             The game lasted 01:18:50 (38813 turns).

MacCMillion the Slayer (Minotaur Fighter)          Turns: 38813, Time: 01:18:51

Health: -1/209     AC: 35    Str: 31    XL:     21   Next: 41%
Magic:  34/34      EV: 12    Int:  5    God:    Makhleb [******]
Gold:   8023       SH: 16    Dex: 14    Spells: 20/20 levels left

rFire   + . .        D - +16 obsidian axe {drain, demonic, Mesm Drain Fly SInv}
rCold   + . .        f - +2 kite shield
rNeg    . . .        M - +9 plate armour of the Hot Ocelot {rElec}
rPois   .            (helmet restricted)
rElec   +            O - +2 cloak of Morality {Dex+3}
rCorr   .            A - +0 pair of gloves
SInv    +            (no boots)
Will    +....        W - amulet of regeneration Stlth
                     u - ring of protection from fire
HPRegen 1.34/turn    U - ring of protection from cold
MPRegen 0.24/turn

%: no passive effects
@: about to teleport, flying, mesmerised, studying Long Blades
A: horns 2, retaliatory headbutt, sense surroundings 1
}: 2/15 runes: decaying, gossamer
a: Renounce Religion, Minor Destruction, Lesser Servant of Makhleb, Major
Destruction, Greater Servant of Makhleb


You were on level 3 of the Depths.
You worshipped Makhleb.
Makhleb was exalted by your worship.
You visited 8 branches of the dungeon, and saw 38 of its levels.
You also visited: Trove, Ossuary, Bailey and Gauntlet.

You collected 8023 gold pieces.

Inventory:

Hand Weapons
 a - a +2 broad axe of flaming
 D - the +16 obsidian axe (weapon) {drain, demonic, Mesm Drain Fly SInv}
   (You found it on level 4 of the Dungeon)

   Mesm:      Its wielder is mesmerised by any visible foes, and it cannot be
   unequipped while any foes are visible.
   SInv:      It lets you see invisible.
   Fly:       It grants you flight.
   Drain:     It drains your maximum health when unequipped.
 K - the +3 broad axe of Jilocus {flame, rPois rC- rN+}
   (You took it off a gnoll on level 6 of the Dungeon)

   rC:        It makes you vulnerable to cold.
   rPois:     It protects you from poison.
   rN:        It protects you from negative energy.
Missiles
 g - 9 throwing nets
 k - 4 silver javelins
 B - 18 javelins
Armour
 f - a +2 kite shield (worn)
 A - a +0 pair of gloves (worn)
 M - the +9 plate armour of the Hot Ocelot (worn) {rElec}
   (You found it on level 1 of the Orcish Mines)

   rElec:     It insulates you from electricity.
 O - the +2 cloak of Morality (worn) {Dex+3}
   (You found it on level 12 of the Dungeon)

   Dex:       It affects your dexterity (+3).
Jewellery
 c - the ring of Satisfaction {rC+ Dex+3}
   (You found it in a Gauntlet)

   [ring of protection from cold]

   Dex:       It affects your dexterity (+3).
   rC:        It protects you from cold.
 s - the ring of Hamparos {Will+ Slay+2}
   (You found it in a treasure trove)

   [ring of willpower]

   Slay:      It affects your accuracy & damage with ranged weapons and melee
   (+2).
   Will:      It increases your willpower.
 u - a ring of protection from fire (left hand)
 y - a +4 ring of slaying
 C - a ring of poison resistance
 L - a ring of willpower
 Q - an amulet of reflection
 U - a ring of protection from cold (right hand)
 W - an amulet of regeneration (around neck)
Wands
 w - a wand of paralysis (64)
 x - a wand of roots (43)
 G - a wand of digging (3)
 N - a wand of acid (6)
Scrolls
 b - 27 scrolls of teleportation
 e - 4 scrolls of torment
 h - 3 scrolls of magic mapping
 i - 8 scrolls of enchant weapon
 j - 9 scrolls of poison
 m - a scroll of fear
 o - 12 scrolls of fog
 p - 13 scrolls of vulnerability
 r - 4 scrolls of enchant armour
 t - 3 scrolls of silence
 v - 7 scrolls of blinking
 E - 7 scrolls of immolation
 I - 3 scrolls of summoning
 T - a scroll of brand weapon
 Y - 4 scrolls of amnesia
 Z - 4 scrolls of noise
Potions
 d - 2 potions of heal wounds
 l - 22 potions of curing
 n - 5 potions of ambrosia
 q - 9 potions of invisibility
 z - 7 potions of cancellation
 F - 6 potions of resistance
 H - 13 potions of lignification
 J - 5 potions of haste
 P - 6 potions of flight
 R - 7 potions of attraction
 S - 8 potions of might
 V - 4 potions of mutation
 X - 4 potions of berserk rage


   Skills:
 - Level 22.5 Fighting
 - Level 18.0 Axes
 - Level 22.4 Armour
 - Level 8.0 Dodging
 * Level 16.7 Shields
 + Level 20.8 Invocations


You had 20 spell levels left.
You didn't know any spells.
Your spell library contained the following spells:

 Spells                   Type           Power      Damage    Failure   Level
 Shock                    Conj/Air       0%         1d3       94%         1
 Slow                     Hex            0%         N/A       94%         1
 Summon Small Mammal      Summ           0%         N/A       94%         1
 Blink                    Tloc           0%         N/A       98%         2
 Cigotuvi's Dreadful Rot  Necr/Pois/Air  0%         N/A       98%         2
 Ensorcelled Hibernation  Hex/Ice        0%         N/A       98%         2
 Lesser Beckoning         Tloc           0%         N/A       98%         2
 Momentum Strike          Conj/Tloc      0%         3d8       98%         2
 Passwall                 Tmut/Erth      0%         N/A       98%         2
 Scorch                   Fire           0%         2d5       98%         2
 Static Discharge         Conj/Air       0%         2-2/arc   98%         2
 Sublimation of Blood     Necr           0%         N/A       98%         2
 Wereblood                Tmut           0%         N/A       98%         2
 Call Canine Familiar     Summ           0%         N/A       100%        3
 Confusing Touch          Hex            0%         N/A       100%        3
 Dazzling Flash           Conj/Hex       0%         N/A       100%        3
 Frozen Ramparts          Ice            0%         1d1       100%        3
 Gell's Gravitas          Tloc           0%         N/A       100%        3
 Stone Arrow              Conj/Erth      0%         3d7       100%        3
 Summon Guardian Golem    Hex/Summ       0%         N/A       100%        3
 Swiftness                Air            0%         N/A       100%        3
 Teleport Other           Tloc           0%         N/A       100%        3
 Vampiric Draining        Necr           0%         2d6       100%        3
 Vhi's Electric Charge    Tloc/Air       0%         N/A       100%        3
 Airstrike                Air            0%         2d(0-16)  100%        4
 Animate Armour           Summ/Erth      0%         N/A       100%        4
 Dispel Undead            Necr           0%         3d6       100%        4
 Flame Wave               Conj/Fire      0%         2d4       100%        4
 Ice Form                 Ice/Tmut       0%         N/A       100%        4
 Manifold Assault         Tloc           0%         N/A       100%        4
 Petrify                  Tmut/Erth      0%         N/A       100%        4
 Summon Ice Beast         Ice/Summ       0%         N/A       100%        4
 Summon Lightning Spire   Summ/Air       0%         N/A       100%        4
 Agony                    Necr           0%         N/A       100%        5
 Arcjolt                  Conj/Air       0%         1d10      100%        5
 Fireball                 Conj/Fire      0%         3d3       100%        5
 Iskenderun's Battlesphe  Conj           0%         2d6       100%        5
 Metabolic Englaciation   Hex/Ice        0%         N/A       100%        5
 Silence                  Hex/Air        0%         N/A       100%        5
 Summon Forest            Summ/Tloc      0%         N/A       100%        5
 Summon Mana Viper        Hex/Summ       0%         N/A       100%        5
 Conjure Ball Lightning   Conj/Air       0%         3x3d6     100%        6
 Death Channel            Necr           0%         N/A       100%        6
 Dispersal                Tloc           0%         N/A       100%        6
 Eringya's Noxious Bog    Tmut/Pois      0%         N/A       100%        6
 Iron Shot                Conj/Erth      0%         9d1       100%        6
 Statue Form              Tmut/Erth      0%         N/A       100%        6
 Summon Cactus Giant      Summ           0%         N/A       100%        6
 Monstrous Menagerie      Summ           0%         N/A       100%        7
 Orb of Destruction       Conj           0%         9d5       100%        7
 Spellforged Servitor     Conj/Summ      0%         N/A       100%        7
 Summon Hydra             Summ           0%         N/A       100%        7
 Disjunction              Tloc           0%         N/A       100%        8
 Lehudib's Crystal Spear  Conj/Erth      0%         10d2      100%        8
 Maxwell's Capacitive Co  Air            0%         ∞         100%        8


Dungeon Overview and Level Annotations

Branches:
Dungeon (15/15)            Temple (1/1) D:4            Lair (5/5) D:11
  Swamp (4/4) Lair:3       Spider (4/4) Lair:2        Slime (0/5) Lair:4
    Orc (2/2) D:10            Elf (0/3) Orc:2        Vaults (4/5) D:13
  Crypt (0/3) Vaults:2     Depths (3/4) D:15        Ossuary (visited)
 Bailey (visited)         Gauntlet (visited)

Altars:
Ashenzari
Cheibriados
Dithmenos
Elyvilon
Fedhas
Gozag
Hepliaklqana
Kikubaaqudgha
Makhleb
Nemelex Xobeh
Okawaru
Qazlal
Ru
Sif Muna
Trog
Uskayaw
Vehumet
Wu Jian
Xom
Yredelemnul
Zin
The Shining One
Lugonu

Shops:
D:14 (   Orc:2 ((((   Vaults:4 (

Portals:
Hell: Depths:1 Depths:2 Depths:3
Abyss: Lair:5 Depths:1 Depths:3
Pandemonium: Depths:1 Depths:2
Ziggurat: Depths:1

Annotations:
D:6 2 transporters, Yordlord's ghost, novice HOFi
D:12 2 transporters, Polylyz's ghost, journeyman MiBe
Depths:1 exclusion: ancient lich
Depths:3 Boris


Innate Abilities, Weirdness & Mutations

You have a pair of horns on your head.
You reflexively headbutt those who attack you in melee.
You passively map a small area around you.


Message History

Boris conjures an orb of pure magic.
An orb of destruction comes into view.
You cannot move away from Boris!
A fire giant comes into view.
It is wielding a +2 great sword of flaming.
Visions of slaying the fire giant flood into your mind.
The fire giant shouts!
The orb of destruction hits you!!!
A steelbarb worm comes into view.
A stone giant comes into view.
Visions of slaying the stone giant flood into your mind.
The steelbarb worm changes into a moth of wrath!
The orb of destruction hits you!!!!
* * * LOW HITPOINT WARNING * * *
The stone giant hits you but does no damage.
As you read the scroll of teleportation, it crumbles to dust.
You feel strangely unstable.
The moth of wrath changes into a glowing shapeshifter!
The stone giant hits you!!
* * * LOW HITPOINT WARNING * * *
Boris casts a spell at you. The iron shot hits you!
* * * LOW HITPOINT WARNING * * *
You slash the fire giant! You drain the fire giant.
The fire giant is moderately wounded.
You slice the stone giant!!
The glowing shapeshifter changes into a cyclops!
You cannot move away from the stone giant!
Unknown command.
As you read the scroll of fog, it crumbles to dust.
The scroll dissolves into smoke.
The fire giant gestures at you while chanting.
The bolt of fire hits you! You resist.
* * * LOW HITPOINT WARNING * * *
The stone giant hits you!
* * * LOW HITPOINT WARNING * * *
A tentacled monstrosity comes into view.
Your soul eater hits the fire giant but does no damage.
You feel much better.
The fire giant hits you but does no damage.
The stone giant hits you!!
You die...

#.############################..
#~..............................
#.##############################
#.# ,, #....#.)..#...#≈# # #.#
#....#....#...#≈# # #.# , *
#....#....#...#≈# # #.# ,
.§§§#)...#.).#≈# #.# +*
##C####C###4####'##⌠# #.#,
,...X.°L@33.3........# #.#
##'###C####'####'##.# #.#,, * ,
#§§, #...#....#.# #.# * #..
#...#....#.# #.#, * , #..
#...#....#.# #.#, #..
#...#....#.#
#.#########################.#
#~.........................~#
#############################


You could see Boris (ally target), a tentacled monstrosity, a fire giant
(drained), a stone giant (mesmerising), a cyclops shaped shifter, a friendly
soul eater (summoned) and a friendly neqoxec (summoned).

Vanquished Creatures
  3 golden dragons
  A caustic shrike (Depths:3)
  Nikola (Vaults:1)
  Arachne (Spider:2)
  4 liches
  Zenata (Vaults:1)
  A walking earthen tome (Depths:3)
  Mlioglotl (Spider:1)
  An ancient champion (Vaults:2)
  2 walking frostbound tomes (Depths:3)
  2 shadow dragons
  2 thorn hunters (Swamp:4)
  Roxanne (Spider:2)
  Donald (Orc:2)
  5 storm dragons
  5 fenstrider witches (Swamp:4)
  A tengu reaver (Vaults:2)
  9 fire giants
  4 frost giants
  An emperor scorpion (Spider:2)
  3 ghost moths
  An orc warlord (Bailey)
  9 vault wardens
  3 spriggan defenders (Depths:3)
  A deep elf elementalist (Orc:1)
  4 war gargoyles (Vaults:3)
  2 broodmothers
  5 stone giants
  2 ironbound thunderhulks (Vaults:3)
  12 very ugly things
  9 ironbound preservers
  3 eleionomae
  A minotaur (Gauntlet)
  3 vampire knights
  10 spark wasps
  A deep elf annihilator (Vaults:4)
  13 dire elephants
  3 bunyips
  3 ettins
  Snorg (Orc:2)
  10 yaktaur captains
  4 fire dragons
  4 entropy weavers
  Fannar (D:12)
  3 great orbs of eyes
  3 peacekeepers (Vaults:3)
  13 vault guards
  Harold (D:9)
  A ghost crab (Swamp:2)
  6 ice dragons
  2 rakshasas (Depths:2)
  8 hydras
  An ogre mage (Swamp:4)
  4 spriggan air magi
  8 boulder beetles
  3 jorogumos (Spider:4)
  A catoblepas (Lair:5)
  2 radroaches
  16 centaur warriors
  6 ironbound frosthearts
  7 two-headed ogres
  2 alligators
  7 death scarabs
  9 tengu warriors
  3 deep troll shamans
  2 spriggan berserkers
  2 vampire magi
  3 thrashing horrors (Lair:5)
  3 deep troll earth magi
  A sun demon (D:14)
  4 soul eaters
  15 hell knights
  A spectral catoblepas (Lair:3)
  3 skysharks (Lair:5)
  6 spriggans
  A sixfirhy (Swamp:4)
  4 pharaoh ants
  6 skeletal warriors
  7 iron trolls
  5 goliath frogs
  30 deep trolls
  2 spriggan druids (Swamp:4)
  2 glowing orange brains
  4 orb spiders
  A death drake (Swamp:4)
  20 slime creatures
  6 swamp dragons
  A spectral hydra (Lair:3)
  A phantasmal warrior (Vaults:2)
  2 spectral wolf spiders (Spider:4)
  4 harpies (Vaults:2)
  2 bog bodies
  8 lindwurms
  9 deep elf pyromancers
  8 wizards
  A wolf spider zombie (Spider:4)
  17 ironbound convokers
  6 steelbarb worms
  6 necromancers
  4 deep elf zephyrmancers
  5 orc knights
  An orc sorcerer (Swamp:4)
  A frost giant zombie (Depths:1)
  A spectral boulder beetle (Gauntlet)
  3 will-o-the-wisps
  16 wolf spiders
  An oklob plant (Swamp:1)
  25 ugly things
  A stone giant skeleton (Depths:1)
  A human skeleton (Vaults:2)
  2 cyclopes
  2 moths of wrath
  13 vault sentinels
  2 orange demons
  7 cane toads
  4 black mambas
  3 gargoyles (D:12)
  3 demonic crawlers
  A smoke demon (Lair:5)
  Maurice (D:8)
  A human zombie (Vaults:2)
  3 torpor snails
  An unseen horror (D:12)
  2 kobold demonologists (D:11)
  3 rime drakes
  An unseen horror (shapeshifter) (Lair:5)
  3 spectral redbacks (Spider:4)
  A redback zombie (Spider:4)
  3 komodo dragons
  17 yaktaurs
  A spriggan skeleton (Depths:1)
  An efreet (D:13)
  3 ice devils (D:14)
  5 tengu conjurers
  An ancient zyme (Lair:5)
  A meliai (shapeshifter) (Lair:5)
  2 polar bears (Lair:5)
  2 spectral culicivoras (Spider:4)
  4 trolls
  3 tyrant leeches
  A silent spectre (Orc:1)
  A spectral jumping spider (Spider:4)
  2 large abominations (Lair:5)
  3 jumping spider zombies (Spider:4)
  9 meliai
  9 hornets
  13 tarantellas
  2 spectral tarantellas (Spider:4)
  10 blink frogs (Lair:5)
  A culicivora zombie (Spider:4)
  5 dream sheep
  16 culicivoras
  A spectral black mamba (Gauntlet)
  7 water elementals
  7 shadows
  3 wyverns
  26 jumping spiders
  A fire bat (shapeshifter) (Depths:1)
  3 hogs (Lair:3)
  A hog (shapeshifter) (D:13)
  A spectral komodo dragon (Lair:3)
  59 yaks
  A basilisk (shapeshifter) (D:13)
  4 basilisks
  3 steam dragons
  33 redbacks
  Grum (D:9)
  A neqoxec (D:14)
  9 vampire mosquitoes
  A warg (Orc:2)
  15 swamp worms
  2 acid dragons
  17 water moccasins
  Duvessa (D:5)
  38 orc warriors
  An ettin simulacrum (Depths:1)
  2 ice beasts (shapeshifter)
  2 ice beasts (D:5)
  2 black bears
  2 sky beasts (D:7)
  2 swamp drakes (Swamp:1)
  9 ogres
  15 wolves
  17 centaurs
  10 small abominations (Lair:5)
  11 bullfrogs
  2 kobold brigands (D:12)
  A spectral wyvern (Lair:3)
  2 scorpions
  2 gnoll sergeants (D:11)
  Dowan (D:5)
  13 killer bees
  3 howler monkeys (D:8)
  13 electric eels
  3 centaur zombies (Ossuary)
  7 bullfrog zombies (Ossuary)
  3 hounds
  A sleepcap (D:7)
  3 gnoll boudas
  8 orc priests
  2 jellies
  5 iguanas
  11 mummies (Ossuary)
  16 orc wizards
  8 hell rats
  3 howler monkey zombies (Ossuary)
  24 gnolls
  3 adders (D:6)
  3 shadow imps
  3 white imps
  A worm zombie (D:6)
  5 dart slugs
  49 orcs
  5 ball pythons
  2 endoplasms
  3 giant cockroaches
  17 goblins
  12 hobgoblins
  7 jackals (D:1)
  7 quokkas
  2 bats
  3 frilled lizards
  9 kobolds
  3 rats
1254 creatures vanquished.

Vanquished Creatures (collateral kills)
  Margery (Vaults:2)
  A walking frostbound tome (Depths:3)
  A walking divine tome (Depths:3)
  Agnes (Spider:3)
  Kirke (Lair:3)
  A thorn hunter (Swamp:4)
  A fenstrider witch (Swamp:4)
  2 vault wardens (Vaults:3)
  A deep elf elementalist (Orc:1)
  A war gargoyle (Vaults:3)
  2 ironbound preservers
  2 ironbound thunderhulks (Vaults:4)
  An eleionoma (Swamp:4)
  A stone giant (Depths:1)
  A deep elf annihilator (Orc:1)
  An ettin (Orc:2)
  2 fire dragons
  A blizzard demon (Swamp:4)
  A green death (Swamp:4)
  2 yaktaur captains
  A great orb of eyes (Vaults:2)
  A shambling mangrove (Swamp:4)
  4 hydras
  3 vault guards
  An ogre mage (Swamp:4)
  2 ghost crabs
  2 centaur warriors
  A boulder beetle (D:13)
  A death knight (D:14)
  2 death scarabs (Spider:4)
  A deep troll earth mage (Depths:3)
  A spectral emperor scorpion (Spider:4)
  Urug (D:12)
  A titan zombie (Depths:1)
  A skeletal warrior (D:15)
  2 pharaoh ants (Spider:4)
  A skyshark (Lair:5)
  3 deep trolls
  An iron troll (Depths:3)
  A spectral jorogumo (Spider:4)
  3 orb spiders
  A steelbarb worm (Spider:4)
  A deep elf pyromancer (Swamp:4)
  An orc knight (Orc:2)
  2 cyclopes
  2 wolf spiders (Spider:4)
  6 ugly things
  2 manticores
  A deep elf zephyrmancer (Orc:1)
  A wolf spider zombie (Spider:4)
  A necromancer (Vaults:2)
  A will-o-the-wisp (Swamp:3)
  A moth of wrath (Orc:1)
  3 black mambas
  5 vault sentinels
  A demonic crawler (Spider:4)
  An orange demon (D:14)
  2 torpor snails
  An elf skeleton (Vaults:2)
  A rime drake (Lair:2)
  2 cane toads
  A yaktaur (Vaults:4)
  A kobold demonologist (D:12)
  2 redback zombies (Spider:4)
  A hornet (Swamp:4)
  2 tyrant leeches
  A spectral jumping spider (Spider:4)
  6 blink frogs (Lair:5)
  6 tarantellas (Spider:4)
  A tarantella zombie (Spider:4)
  A dream sheep (Lair:5)
  2 culicivoras
  A spriggan (Swamp:1)
  3 jumping spiders
  3 ynoxinuls
  2 slime creatures (Vaults:2)
  A wyvern (Lair:2)
  13 yaks
  3 hogs (Lair:3)
  4 basilisks
  A wraith (D:11)
  A redback (Spider:4)
  A neqoxec (Swamp:4)
  A swamp worm (Swamp:4)
  5 water moccasins
  6 orc warriors (Orc:2)
  A black bear (D:6)
  3 wolves
  2 ogres (Orc:2)
  2 centaurs
  2 bullfrogs
  A kobold brigand (D:12)
  4 killer bees (D:9)
  An electric eel (Lair:5)
  2 bullfrog zombies (Ossuary)
  A jelly (D:6)
  4 orc priests
  4 mummies (Ossuary)
  4 orc wizards
  3 hell rats (Lair:5)
  5 gnolls
  13 orcs
  2 goblins (Bailey)
  4 hobgoblins (Bailey)
  A kobold (D:12)
223 creatures vanquished.

Vanquished Creatures (others)
  3 bloated husks
  A tyrant leech (Swamp:4)
  A spriggan (Swamp:2)
  20 foxfires
25 creatures vanquished.

Grand Total: 1502 creatures vanquished

Notes
Turn   | Place    | Note
-------+----------+-------------------------------------------
     0 | D:1      | MacCMillion the Minotaur Fighter began the quest for the
                  | Orb.
     0 | D:1      | Reached XP level 1. HP: 19/19 MP: 0/0
   281 | D:1      | Reached XP level 2. HP: 25/26 MP: 1/1
   801 | D:1      | Reached XP level 3. HP: 27/31 MP: 2/2
  1079 | D:2      | Found a faded altar of an unknown god.
  2772 | D:4      | Noticed a black bear
  2778 | D:3      | Killed a black bear
  2779 | D:3      | Reached XP level 4. HP: 39/39 MP: 3/3
  2779 | D:3      | Reached XP level 5. HP: 45/45 MP: 4/4
  2790 | D:4      | Found a staircase to the Ecumenical Temple.
  2792 | D:4      | Found the +16 obsidian axe {drain, demonic, Mesm Drain Fly
                  | SInv}
  2804 | Temple   | Entered the Ecumenical Temple
  3039 | Temple   | Became a worshipper of Makhleb the Destroyer
  3293 | D:4      | Noticed an ogre
  3300 | D:4      | Killed an ogre
  3301 | D:4      | Reached XP level 6. HP: 51/51 MP: 5/5
  3713 | D:5      | Entered Level 5 of the Dungeon
  3714 | D:5      | Noticed a water moccasin
  3722 | D:5      | Killed a water moccasin
  3730 | D:5      | Reached XP level 7. HP: 57/57 MP: 6/6
  3731 | D:5      | Identified the staff of fire "Yghuda" {rF+ rC+}
  3732 | D:5      | Noticed Duvessa
  3734 | D:5      | Noticed Dowan
  3738 | D:5      | Killed Duvessa
  3747 | D:5      | Killed Dowan
  3748 | D:5      | Reached skill level 10 in Axes
  4004 | D:5      | Reached * piety under Makhleb
  4066 | D:5      | Identified the +3 short sword "Giantslayer" {elec, Drain
                  | +Blink rN++ Str+2}
  4207 | D:5      | Reached skill level 1 in Invocations
  4207 | D:5      | Reached XP level 8. HP: 67/67 MP: 6/8
  4755 | D:6      | Identified the +3 broad axe of Jilocus {flame, rPois rC-
                  | rN+}
  4853 | D:6      | Found a sacrificial altar of Ru.
  4940 | D:6      | Found a transporter.
  4941 | D:6      | Identified the +1 giant spiked club of Salt {holy, Dex+3}
  4941 | D:6      | Noticed Yordlord's ghost (novice HOFi)
  5094 | D:6      | Found a transporter.
  5298 | D:6      | Found a sand-covered staircase.
  5305 | Ossuary  | Entered an ossuary
  5337 | Ossuary  | Reached skill level 5 in Armour
  5338 | Ossuary  | Reached skill level 5 in Fighting
  5352 | Ossuary  | Reached ** piety under Makhleb
  5380 | Ossuary  | Reached XP level 9. HP: 74/74 MP: 11/11
  6003 | D:7      | Reached skill level 5 in Invocations
  6349 | D:7      | Found an ornate altar of the Wu Jian Council.
  6625 | D:8      | Noticed Maurice
  6633 | D:8      | Killed Maurice
  6779 | D:8      | Found a flagged portal.
  6792 | Bailey   | Entered a bailey
  6935 | Bailey   | Reached *** piety under Makhleb
  6994 | Bailey   | Noticed an orc knight
  7000 | Bailey   | Reached XP level 10. HP: 64/86 MP: 13/13
  7002 | Bailey   | Killed an orc knight
  7061 | Bailey   | Noticed an orc warlord
  7077 | Bailey   | Killed an orc warlord
  7128 | Bailey   | Acquired 981 gold pieces
  7131 | Bailey   | Identified the staff of air "Siupp" {rElec rF+}
  7335 | D:8      | Reached **** piety under Makhleb
  7883 | D:9      | Noticed Harold
  7891 | D:9      | Killed Harold
  7898 | D:9      | Reached XP level 11. HP: 69/97 MP: 15/15
  7957 | D:9      | Identified the +7 quarterstaff "Hepiet" {speed, *Rage
                  | Fragile rPois SInv}
  8029 | D:9      | Noticed Grum
  8037 | D:9      | Reached ***** piety under Makhleb
  8038 | D:9      | Killed Grum
  8071 | D:9      | Noticed a sun demon
  8249 | D:10     | Entered Level 10 of the Dungeon
  8390 | D:10     | Reached skill level 10 in Fighting
  8392 | D:10     | Reached skill level 10 in Armour
  8424 | D:10     | Found a radiant altar of Vehumet.
  8428 | D:10     | Found a white marble altar of Elyvilon.
  8431 | D:10     | Found a sparkling altar of Nemelex Xobeh.
  8431 | D:10     | Found an iron altar of Okawaru.
  8431 | D:10     | Found a glowing golden altar of the Shining One.
  8460 | D:10     | Found a shimmering altar of Xom.
  8461 | D:10     | Found a hazy altar of Hepliaklqana.
  8743 | D:10     | Found a staircase to the Orcish Mines.
  9376 | D:11     | Noticed a boulder beetle
  9390 | D:11     | Killed a boulder beetle
  9391 | D:11     | Reached skill level 5 in Shields
 10131 | D:11     | Found a staircase to the Lair.
 10135 | Lair:1   | Entered Level 1 of the Lair of Beasts
 10166 | Lair:1   | Reached skill level 15 in Axes
 10168 | Lair:1   | Reached XP level 12. HP: 106/106 MP: 18/18
 10668 | Lair:1   | Reached skill level 10 in Invocations
 10854 | Lair:1   | Acquired the scarf of Immorality {+Inv, *Corrode rPois
                  | Int+2}
 11435 | Lair:2   | Found a hole to the Spider Nest.
 11448 | Lair:2   | Reached ****** piety under Makhleb
 11624 | Lair:2   | Got the Codex of Macabre Hail
 11984 | Lair:2   | Reached skill level 10 in Shields
 12309 | Lair:3   | Noticed Kirke
 12322 | Lair:3   | Killed Kirke
 12323 | Lair:3   | Reached XP level 13. HP: 63/113 MP: 19/19
 13061 | Lair:3   | Found a staircase to the Swamp.
 13392 | Lair:4   | Found a staircase to the Slime Pits.
 14104 | Lair:5   | Entered Level 5 of the Lair of Beasts
 14126 | Lair:5   | Reached skill level 1 in Dodging
 14193 | Lair:5   | Reached skill level 5 in Dodging
 14286 | Lair:5   | Found a glowing silver altar of Zin.
 14657 | Lair:5   | Reached XP level 14. HP: 122/122 MP: 20/20
 14985 | Lair:5   | Found a corrupted altar of Lugonu.
 14985 | Lair:5   | Found a one-way gate to the infinite horrors of the Abyss.
 15064 | Lair:5   | Identified the +3 long sword "Xasyhim" {holy, +Blink Int+2}
 15398 | Orc:1    | Entered Level 1 of the Orcish Mines
 15713 | Orc:1    | Found a transporter.
 15800 | Orc:1    | Found a transporter.
 15800 | Orc:1    | Found a runed translucent door.
 15800 | Orc:1    | Found a bloodstained altar of Trog.
 15800 | Orc:1    | Found the +8 Wrath of Trog {antimagic, *Rage Rampage}
 15803 | Orc:1    | Noticed a deep elf elementalist
 15815 | Orc:1    | Noticed a stone giant
 15826 | Orc:1    | Killed a stone giant
 15832 | Orc:1    | Noticed a deep elf elementalist
 15855 | Orc:1    | Identified the +9 plate armour of the Hot Ocelot {rElec}
 15921 | Orc:1    | Killed a deep elf elementalist
 15932 | Orc:1    | Killed a deep elf elementalist
 16039 | Orc:2    | Entered Level 2 of the Orcish Mines
 16039 | Orc:2    | Noticed Donald
 16039 | Orc:2    | Found a staircase to the Elven Halls.
 16052 | Orc:2    | Killed Donald
 16258 | Orc:2    | Noticed Snorg
 16269 | Orc:2    | Killed Snorg
 16535 | Orc:2    | Found Okiri's Antique Weapon Boutique.
 16536 | Orc:2    | Found Towkyn's Antique Weapon Shoppe.
 16536 | Orc:2    | Found Edell's Weapon Shop.
 16561 | Orc:2    | Found Zopt's Weapon Emporium.
 16941 | D:12     | Noticed Urug
 16951 | D:12     | Reached XP level 15. HP: 104/134 MP: 22/22
 16953 | D:12     | Killed Urug
 17200 | D:12     | Found a transporter.
 17206 | D:12     | Noticed Polylyz's ghost (journeyman MiBe)
 17245 | D:12     | Found a transporter.
 17326 | D:12     | Identified the +2 cloak of Morality {Dex+3}
 17410 | D:12     | Noticed Fannar
 17421 | D:12     | Killed Fannar
 17567 | D:13     | Found a gate to the Vaults.
 17740 | D:13     | Identified the +0 robe of Lotul {Str+3}
 18191 | D:13     | You are sucked into a shaft and drop 2 floors!
 18191 | D:15     | Entered Level 15 of the Dungeon
 18554 | D:15     | Found a gate leading to a gauntlet.
 18584 | D:15     | Reached skill level 15 in Shields
 18584 | D:15     | Identified the +4 chain mail "Effiwij" {rElec Will- Str+2}
 18683 | Gauntlet | Entered a Gauntlet
 18683 | Gauntlet | Found a transporter.
 18692 | Gauntlet | Found a transporter.
 18709 | Gauntlet | Found a transporter.
 18713 | Gauntlet | Found a transporter.
 18734 | Gauntlet | Found a transporter.
 18747 | Gauntlet | Found a transporter.
 18755 | Gauntlet | Found a transporter.
 18759 | Gauntlet | Found a transporter.
 18782 | Gauntlet | Found a transporter.
 18811 | Gauntlet | Found a runed translucent gate.
 18812 | Gauntlet | Found a transporter.
 18812 | Gauntlet | Found a transporter.
 18812 | Gauntlet | Found a runed translucent gate.
 18817 | Gauntlet | Found a transporter.
 18837 | Gauntlet | Found a runed translucent gate.
 18902 | Gauntlet | Identified the ring of Satisfaction {rC+ Dex+3}
 18912 | Gauntlet | Acquired 853 gold pieces
 18969 | Gauntlet | Identified the staff of fire "Mariuh Kasuo" {rF+ Str+3
                  | Stlth+}
 19275 | D:15     | Found a staircase to the Depths.
 19275 | D:15     | Noticed a frost giant
 19281 | D:15     | Killed a frost giant
 19530 | D:14     | Found an iron altar of Okawaru.
 19538 | D:14     | Reached XP level 16. HP: 146/146 MP: 24/24
 19687 | D:14     | Found Fioxablu's Antique Weapon Boutique.
 20757 | Spider:1 | Entered Level 1 of the Spider Nest
 20855 | Spider:1 | Noticed Mlioglotl
 20869 | Spider:1 | Killed Mlioglotl
 21900 | Spider:2 | Noticed Arachne
 21916 | Spider:2 | Killed Arachne
 21917 | Spider:2 | Reached skill level 15 in Fighting
 21917 | Spider:2 | Reached skill level 15 in Armour
 22124 | Spider:2 | Noticed Roxanne
 22142 | Spider:2 | Killed Roxanne
 22353 | Spider:3 | Noticed Agnes
 22361 | Spider:3 | Killed Agnes
 22496 | Spider:3 | Reached skill level 15 in Invocations
 23085 | Spider:4 | Entered Level 4 of the Spider Nest
 23314 | Spider:4 | Reached XP level 17. HP: 155/158 MP: 27/27
 24543 | Spider:4 | Got a gossamer rune of Zot
 24783 | Swamp:1  | Entered Level 1 of the Swamp
 25572 | Swamp:2  | Identified the +3 mace of the Cup {heavy, +Blink rC- MP+9
                  | Stlth+}
 25930 | Swamp:3  | Found a shimmering altar of Xom.
 26115 | Swamp:3  | Identified the staff of death "Cuteuroo" {rN+ Str+6 Dex-3}
 26373 | Swamp:4  | Entered Level 4 of the Swamp
 26418 | Swamp:4  | Paralysed by a fenstrider witch for 5 turns
 26747 | Swamp:4  | Reached XP level 18. HP: 171/171 MP: 29/29
 27117 | Swamp:4  | Paralysed by a fenstrider witch for 3 turns
 27124 | Swamp:4  | Paralysed by a fenstrider witch for 3 turns
 27126 | Swamp:4  | Gained mutation: You passively map a small area around you.
                  | [a neqoxec]
 27635 | Swamp:4  | Got a decaying rune of Zot
 27882 | Vaults:1 | Entered Level 1 of the Vaults
 28456 | Vaults:1 | Noticed Nikola
 28475 | Vaults:1 | Killed Nikola
 28642 | Vaults:1 | Noticed Zenata
 28656 | Vaults:1 | Killed Zenata
 29210 | Vaults:2 | Noticed Margery
 29220 | Vaults:2 | Killed Margery
 29221 | Vaults:2 | Reached XP level 19. HP: 133/183 MP: 29/31
 29634 | Vaults:2 | Found a staircase to the Crypt.
 29643 | Vaults:2 | Paralysed by a vampire knight for 5 turns
 32770 | Vaults:4 | Reached XP level 20. HP: 198/198 MP: 32/32
 32813 | Vaults:4 | Paralysed by a great orb of eyes for 5 turns
 33000 | Vaults:4 | Found Ruank's Weapon Emporium.
 33343 | Vaults:4 | Identified the +2 shortbow of Dithmenos's Approval
                  | {antimagic, Contam rPois Will+ Str+5}
 33982 | Depths:1 | Entered Level 1 of the Depths
 33982 | Depths:1 | Found a one-way gate leading to the halls of Pandemonium.
 34205 | Depths:1 | Found a hide-covered altar of Uskayaw.
 34240 | Depths:1 | Found an ancient bone altar of Kikubaaqudgha.
 34344 | Depths:1 | Found a one-way gateway to a ziggurat.
 34344 | Depths:1 | Noticed an ancient lich
 34344 | Depths:1 | Noticed an ancient lich
 34654 | Depths:1 | Found a gateway to Hell.
 35761 | Depths:2 | Noticed a golden dragon
 35764 | Depths:2 | Noticed a golden dragon
 35768 | Depths:2 | Killed a golden dragon
 35773 | Depths:2 | Killed a golden dragon
 35788 | Depths:2 | Reached XP level 21. HP: 172/209 MP: 34/34
 36130 | Depths:2 | Identified the +0 leather armour of Dishonesty {Contam
                  | rPois Int+3 Dex+8}
 37099 | Depths:3 | Found a portal to a secret trove of treasure.
 37254 | Depths:3 | You paid a toll of 6 scrolls of fear to enter a treasure
                  | trove
 37255 | Trove    | Entered a treasure trove
 37266 | Trove    | Identified the ring of Woesh {rF- EV+5 Str+4 Int+7}
 37268 | Trove    | Identified the ring "Kuodya" {+Blink rElec Will+ Slay-6
                  | SInv}
 37273 | Trove    | Identified the ring of Hamparos {Will+ Slay+2}
 37277 | Trove    | Identified the amulet of the Death Scarab {RegenMP rPois
                  | rC- rN+++ Int-4}
 37286 | Trove    | Identified the amulet "Ohizoxta" {Spirit Harm *Corrode rC+
                  | rN+}
 37288 | Trove    | Identified the ring of Jokon {rN+ MP+9 Int+6 Slay+2}
 37290 | Trove    | Identified the ring "Haxyrgh" {Int+6 Dex+3}
 37914 | Depths:3 | Noticed a caustic shrike
 37923 | Depths:3 | Killed a caustic shrike
 37927 | Depths:3 | Noticed Boris
 37929 | Depths:3 | Paralysed by a vampire knight for 5 turns
 38361 | Depths:3 | Noticed a golden dragon
 38369 | Depths:3 | Killed a golden dragon
 38812 | Depths:3 | HP: 4/209 [stone giant (13)]
 38813 | Depths:3 | Slain by a stone giant

Illustrated notes

Levels and vault maps discovered:
D:1:      co_arrival_random_square_maze, layout_basic
D:2:      cheibrodos_old_hovel, layout_basic,
          hellmonk_ecumenical_altar_crossroads
D:3:      layout_loops_ring, item_on_display_a
D:4:      layout_gridville, minmay_temple_entry_mini_moons, grunt_ministairs_7
D:5:      layout_loops_ring, portal_sewer_entry_e, serial_bayou_pond_d,
          uniq_duvessa
D:6:      layout_basic, lemuel_tele_altar, enter_ossuary_3,
          gammafunk_ghost_smash, corner_web_ring
D:7:      layout_loops_cross, amcnicky_altar_gilded
D:8:      layout_loops_corners, enter_bailey_2, uniq_maurice
D:9:      layout_big_octagon, uniq_harold, uniq_grum
D:10:     layout_basic, regret_index_temple_of_mockery,
          grunt_temple_overflow_open, orc_david_3
D:11:     layout_basic, lair_entry_dummy
D:12:     layout_rooms, gammafunk_ghost_berserking_beasts, grunt_ministairs_12,
          uniq_fannar, uniq_urug
D:13:     layout_stronghold, lightli_vaults_fourway_checkpoint, minivault_27
D:14:     layout_gridville, serial_shops, shop, okawaru_trees_1, serial_demonic,
          serial_demonic_f, serial_demonic_e, serial_demonic_c, serial_demonic_d
D:15:     grunt_enter_depths_snipers, layout_basic, serial_bayou_pond_c,
          gauntlet_entry_generic, billiards_dpeg
Temple:   nicolae_temple_figure_eight
Lair:1:   layout_roguey, serial_bayou_pond_e, nicolae_lair_lindhole
Lair:2:   layout_cave_shapes, nicolae_spider_entry_tight_spaces,
          grunt_megastairs_4
Lair:3:   layout_roguey, nicolae_swamp_entry_spooky, infiniplex_staircase_pool,
          uniq_kirke
Lair:4:   layout_regular_city, slime_entry_1, st_stairs_11
Lair:5:   hellmonk_lair_end_abyssal_woods, layout_loops_ring, basic_altar,
          disabler_island
Swamp:1:  layout_basic_swamp, hangedman_swamp_pad, swamp_pool1,
          nicolae_swamp_oklob_treasure_island
Swamp:2:  layout_falls_marsh, evilmike_swamp_ruin_house_5
Swamp:3:  layout_falls_marsh, lemuel_altar_in_water2
Swamp:4:  nzn_swamp_witches_coven, layout_basic_swamp, swamp_pool2
Spider:1: layout_cave_pods, uniq_mlioglotl
Spider:2: layout_spider_delve, uniq_arachne, uniq_roxanne
Spider:3: nicolae_spider_mines_3, uniq_agnes
Spider:4: floodkiller_spider_rune_tomb, drop_trap
Orc:1:    emtedronai_trogs_sanctum, layout_diamond_mine, basic_altar,
          lightli_orcish_oven
Orc:2:    st_orc_rangers, layout_diamond_mine, uniq_snorg, uniq_donald
Vaults:1: ontoclasm_vaults_idyll, vaults_room_stairs_pillars, v_misc_18,
          vaults_room_grid, hangedman_vaults_capsules,
          nicolae_vaults_double_plus_1, vaults_dpeg_ring, vaults_room_pool,
          layout_vaults_omnigrid, uniq_nikola, uniq_zenata
Vaults:2: nicolae_vaults_octagons, nicolae_vaults_sealed_display,
          nicolae_vaults_six-pack, nicolae_vaults_house_1,
          nicolae_vaults_surprise_closet, nicolae_vaults_hexular_roomagon,
          vaults_standard_mumra_enter_the_diamond, nicolae_vaults_tetromino_Z_1,
          minmay_crypt_entry_simple_round, ontoclasm_vaults_tryst,
          nicolae_vaults_house_1, layout_vaults_omnibox, uniq_margery
Vaults:3: hangedman_vaults_variations, grunt_vaults_funnel,
          vaults_mumra_minichess_inversion, ontoclasm_vaults_claustrophobia,
          hangedman_vaults_stretched_pinwheel, nicolae_vaults_tetromino_T_2,
          v_rooms_3, vaults_room_fours, nicolae_vaults_double_plus_2,
          ontoclasm_vaults_spin, ontoclasm_vaults_ring_small, layout_vaults_ring
Vaults:4: st_star, nicolae_vaults_cornered_office,
          nicolae_vaults_diagonal_hallway_9, ontoclasm_vaults_chip, v_pattern_1,
          vaults_dpeg_hooks, layout_vaults_chaotic_city, serial_shops,
          nicolae_shop_bloodbath_and_beyond
Depths:1: layout_gridlike, enter_ziggurat_c, grunt_hell_entry_dis_grunt,
          kiku_gazebo_pond_becter, abyss_entry, pan_entry,
          kennysheep_pointless_box, minivault_11,
          chequers_serial_rivers_micro_b, minivault_10,
          nicolae_uskayaw_murder_on_the_dancefloor
Depths:2: grunt_house_of_mirrors, layout_gridlike, rand_demon_pan_entry_7,
          pf_vacation_house_of_asmodeus, grunt_megastairs_2
Depths:3: cell_vault, layout_gridlike, hangedman_coc_ice_floe,
          nrook_mini_backslash, nicolae_trove_entry_isolated, abyss_entry,
          infiniplex_staircase_hallway_doors, uniq_grunn, uniq_boris

Skill      XL: |  1  2  3  4  5  6  7  8  9 10 11 12 13 14 15 16 17 18 19 20 21 |
---------------+----------------------------------------------------------------+-----
Shields        | 4 6 10 12 13 15 16 | 16.7
Axes           | 3 6 7 9 10 11 12 13 15 17 18 | 18.0
Fighting       | 4 5 7 9 10 12 14 15 17 19 21 22 | 22.5
Armour         | 4 5 7 9 10 12 14 15 17 19 20 22 | 22.4
Invocations    | 1 4 6 7 9 10 11 13 15 16 18 19 20 | 20.8
Dodging        | 8 |  8.0

Action                     |  1- 3 |  4- 6 |  7- 9 | 10-12 | 13-15 | 16-18 | 19-21 || total
---------------------------+-------+-------+-------+-------+-------+-------+-------++-------
  Melee: War axe           |   112 |    12 |       |       |       |       |       ||   124
         Headbutt          |    15 |     6 |    19 |    55 |   117 |   192 |   256 ||   660
         Broad axe         |       |    22 |   149 |   258 |   613 |   790 |   903 ||  2735
  Throw: Throwing net      |       |       |       |     1 |       |       |       ||     1
 Invoke: Minor Destruction |       |       |       |     1 |       |       |       ||     1
         Lesser Servant of |       |       |       |     1 |       |       |       ||     1
         Greater Servant o |       |       |       |       |     2 |     8 |     2 ||    12
         Major Destruction |       |       |       |       |       |    17 |     2 ||    19
Ability: Evoke Invisibilit |       |       |       |       |       |     1 |       ||     1
  Evoke: Wand              |       |       |       |     4 |     7 |       |     1 ||    12
    Use: Scroll            |       |       |     7 |     5 |    11 |    13 |     3 ||    39
         Potion            |       |       |       |     1 |     1 |     4 |     2 ||     8
   Stab: Distracted        |       |       |       |     1 |     5 |     5 |    12 ||    23
         Petrified         |       |       |       |       |     5 |       |       ||     5
 Armour: Scale mail        |     7 |       |       |       |       |       |       ||     7
         Chain mail        |    60 |    17 |    13 |       |       |       |       ||    90
         Plate armour      |       |       |    43 |   108 |   266 |   508 |   363 ||  1288
  Dodge: Dodged            |    41 |     3 |    44 |    74 |   159 |   269 |   272 ||   862
  Block: Buckler           |    24 |     6 |    29 |    38 |       |       |       ||    97
         Kite shield       |       |       |       |     8 |   341 |   576 |   470 ||  1395
